 Dungeon Crawl Stone Soup version 0.32-a0-868-g153ae1a8d6 (webtiles) character file.

Game seed: 10130794316160209535

55 petete the Firebug (level 3, 0/26 HPs)
             Began as a Mountain Dwarf Fire Elementalist on Mar 28, 2024.
             Slain by a gnoll
             ... wielding a +0 spear
              (9 damage)
             ... on level 2 of the Dungeon.
             The game lasted 00:05:51 (1308 turns).

petete the Firebug (MDFE)                           Turns: 1308, Time: 00:05:51

Health: 0/26       AC:  2    Str: 10    XL:     3   Next: 67%
Magic:  0/7        EV: 10    Int: 17    God:
Gold:   69         SH:  0    Dex: 10    Spells: 4/7 levels left

rFire   . . .        i - +0 mace
rCold   . . .        (no shield)
rNeg    . . .        a - +0 robe
rPois   .            (no helmet)
rElec   .            (no cloak)
rCorr   .            (no gloves)
SInv    .            (no boots)
Will    .....        (no amulet)
Stlth   ++           (no ring)
HPRegen 0.24/turn    (no ring)
MPRegen 0.10/turn

%: no passive effects
@: no status effects
A: runic magic, artefact enchanting
a: no special abilities


You were on level 2 of the Dungeon.
You visited 1 branch of the dungeon, and saw 2 of its levels.

You collected 69 gold pieces.

Inventory:

Hand Weapons
 i - a +0 mace (weapon)
Armour
 a - a +0 robe (worn)
Scrolls
 c - a scroll of enchant armour {unknown}
 e - a scroll of teleportation {unknown}
 f - 2 scrolls of noise {unknown}
 g - a scroll of blinking {unknown}
 h - a scroll of acquirement {unknown}
 j - a scroll of fear {unknown}
 l - a scroll of enchant weapon {unknown}
 n - a scroll of amnesia {unknown}
Potions
 b - a potion of magic
 d - a potion of haste {unknown}
 k - a potion of heal wounds {unknown}
 m - a potion of might {unknown}


   Skills:
 - Level 1.3 Dodging
 - Level 1.4 Stealth
 + Level 2.7 Spellcasting
 - Level 1.0 Conjurations
 + Level 4.7 Fire Magic


You had 4 spell levels left.
You knew the following spells:

 Your Spells              Type           Power      Damage    Failure   Level
a - Foxfire               Conj/Fire      48%        2x1d6     5%          1
b - Scorch                Fire           36%        2d6       3%          2

Your spell library contained the following spells:

 Spells                   Type           Power      Damage    Failure   Level
 Inner Flame              Hex/Fire       10%        N/A       21%         3
 Volatile Blastmotes      Fire/Tloc      20%        2d11      21%         3
 Summon Ice Beast         Ice/Summ       2%         N/A       47%         3
 Flame Wave               Conj/Fire      12%        2d6       50%         4
 Summon Mana Viper        Hex/Summ       2%         N/A       99%         5
 Monstrous Menagerie      Summ           1%         N/A       100%        7


Dungeon Overview and Level Annotations

Branches:
Dungeon (2/15)

Altars:

Shops:
D:2 (


Innate Abilities, Weirdness & Mutations

Your spellcasting is much less encumbered by armour.
You can use scrolls of enchantment on lesser artefacts.


Message History

The foxfire hits the gnoll.
The gnoll is severely wounded.
You see here a rat corpse.
Found a scroll labelled VEQYR GEAPYSE.
A frilled lizard comes into view.
The frilled lizard hisses angrily.
Casting: Foxfire (safe; 5% risk of failure)
Confirm with . or Enter, or press ? or * to list all spells.
You conjure some foxfire!
The foxfire hits the frilled lizard.
The frilled lizard is heavily wounded.
The foxfire hits the frilled lizard.
You kill the frilled lizard!
Casting: Foxfire (safe; 5% risk of failure)
Confirm with . or Enter, or press ? or * to list all spells.
You conjure some foxfire!
The foxfire hits the gnoll.
The gnoll is lightly wounded.
Found a leather armour.
Casting: Foxfire (safe; 5% risk of failure)
Confirm with . or Enter, or press ? or * to list all spells.
You conjure some foxfire!
The foxfire hits the gnoll.
The gnoll is lightly wounded.
The foxfire hits the gnoll.
The gnoll is moderately wounded.
Casting: Foxfire (safe; 5% risk of failure)
Confirm with . or Enter, or press ? or * to list all spells.
You conjure some foxfire!
The foxfire hits the gnoll.
The gnoll is heavily wounded.
You hit the gnoll.
The gnoll is heavily wounded.
The foxfire hits the gnoll.
The gnoll is severely wounded.
The gnoll hits you from afar with a +0 spear!
You hit the gnoll.
The gnoll is severely wounded.
The gnoll hits you with a +0 club!
The gnoll hits you from afar with a +0 spear!
You die...

+........g
####...### ##..###
##...# #?.#.# #+#
##...# #.# ##.##
#########.# #g#
#[.....@..## #.#
#.###...g..## #g#
#.#..g..# #.#
#.##...##########.#
. ##......g......#
## #.#############
...# #####


You could see 2 gnolls.

Vanquished Creatures
  A gnoll (D:2)
  A dart slug (D:1)
  6 ball pythons
  6 endoplasms (D:1)
  4 goblins
  8 hobgoblins
  2 jackals (D:1)
  A kobold (D:1)
  A quokka (D:2)
  A bat (D:1)
  A frilled lizard (D:2)
  5 rats
37 creatures vanquished.

Vanquished Creatures (others)
  78 foxfires
78 creatures vanquished.

Grand Total: 115 creatures vanquished

Notes
Turn   | Place    | Note
-------+----------+-------------------------------------------
     0 | D:1      | petete the Mountain Dwarf Fire Elementalist began the quest
                  | for the Orb.
     0 | D:1      | Reached XP level 1. HP: 14/14 MP: 3/3
     8 | D:1      | Reached skill level 1 in Conjurations
   176 | D:1      | Reached XP level 2. HP: 20/20 MP: 0/5
   246 | D:1      | Reached skill level 4 in Fire Magic
   382 | D:1      | Learned a level 2 spell: Scorch
   703 | D:1      | Reached XP level 3. HP: 26/26 MP: 2/6
  1011 | D:2      | Identified the +1 pair of boots of Shadows and Fog {rPois
                  | Dex+5}
  1069 | D:2      | Found Pocevepn's Weapon Emporium.
  1308 | D:2      | Slain by a gnoll

Illustrated notes

Levels and vault maps discovered:
D:1:      onia_arrival_handbag, layout_loops_ring, dreamdust_princess_bridge
D:2:      layout_loops_corners, serial_shops, shop

Skill      XL: |  1  2 |
---------------+-------+-----
Conjurations   | 1 |  1.0
Spellcasting   | 2 |  2.7
Fire Magic     | 4 |  4.7
Dodging        | |  1.3
Stealth        | |  1.4

Action                     || total
---------------------------++-------
  Melee: Unarmed           ||     2
         Club              ||    16
         Mace              ||     9
   Cast: Foxfire           ||    45
 Armour: Robe              ||    20
  Dodge: Dodged            ||    17

Table legend: (Time is in decaauts)
 A = Elapsed time spent in this place.
 B = Non-inter-level travel time spent in this place.
 C = Inter-level travel time spent in this place.
 D = Time resting spent in this place.
 E = Time spent auto-exploring this place.
 F = Levels seen in this place.
 G = Mean time per level.
                   A        B        C        D        E       F      G
               +--------+--------+--------+--------+--------+-----+--------+
         Total |   1314 |   1288 |     26 |      0 |   1035 |   2 |  657.0 |
       Dungeon |   1314 |   1288 |     26 |      0 |   1035 |   2 |  657.0 |
               +--------+--------+--------+--------+--------+-----+--------+

Top non-repeatable levels by time:
     D:1: 965 daAuts
     D:2: 349 daAuts
